[ AOE2 MATCH · #505166289 ]
UnrankedTupi vs Spanish
[ REPLAY ANALYSIS · EXTRACTED FROM THE RECORDED GAME ]
Feudal
15:54
Castle
—
Imperial
—
| APM avg | 29.5 |
| APM peak | 52 |
| eAPM avg | 17.2 |
| Villagers / military | 50 / 16 |
Focus
⚔️ 36.0% · 🌾 64.0%
Archer ×14 · Spearman ×2 · Unknown (2550) ×2
Feudal
14:56
Castle
18:35
Imperial
—
| APM avg | 30.4 |
| APM peak | 53 |
| eAPM avg | 10.9 |
| Villagers / military | 60 / 19 |
Focus
⚔️ 18.5% · 🌾 81.5%
Conquistador ×15 · Battering Ram ×3 · Monk ×1
Feudal
12:49
Castle
17:24
Imperial
—
| APM avg | 25.8 |
| APM peak | 72 |
| eAPM avg | 8.4 |
| Villagers / military | 50 / 11 |
Focus
⚔️ 10.9% · 🌾 89.1%
Mameluke ×9 · Monk ×1 · Mangonel ×1
Feudal
11:02
Castle
25:12
Imperial
—
| APM avg | 39.4 |
| APM peak | 68 |
| eAPM avg | 15.4 |
| Villagers / military | 58 / 30 |
Focus
⚔️ 39.4% · 🌾 60.6%
Cavalry Archer ×20 · Scout Cavalry ×5 · Archer ×4 · Skirmisher ×1
Feudal
14:30
Castle
23:34
Imperial
—
| APM avg | 20.7 |
| APM peak | 83 |
| eAPM avg | 9.1 |
| Villagers / military | 42 / 18 |
Focus
⚔️ 30.2% · 🌾 69.8%
Knight ×6 · Cataphract ×6 · Spearman ×3 · Camel Scout ×3
Feudal
14:05
Castle
27:03
Imperial
—
| APM avg | 29.1 |
| APM peak | 48 |
| eAPM avg | 18.1 |
| Villagers / military | 50 / 13 |
Focus
⚔️ 33.2% · 🌾 66.8%
Chu Ko Nu ×6 · Militia ×5 · Battering Ram ×2
Feudal
13:20
Castle
26:19
Imperial
—
| APM avg | 23.2 |
| APM peak | 71 |
| eAPM avg | 11.5 |
| Villagers / military | 53 / 38 |
Focus
⚔️ 28.3% · 🌾 71.7%
Eagle Scout ×38
Feudal
12:14
Castle
16:59
Imperial
—
| APM avg | 29.4 |
| APM peak | 57 |
| eAPM avg | 15.6 |
| Villagers / military | 80 / 26 |
Focus
⚔️ 17.6% · 🌾 82.4%
Genoese Crossbowman ×21 · Battering Ram ×5
Match map
Initial resources + every placement click. Lines = walls · curves = elevation contours. ◆ gold · ⬟ stone · ● berries · ✦ relic · ◌ wall gap
Your base· Open — 13t gap
CARRY_BERRY_JDV <3's base· Open — unwalled flank
Mr. Fay's base· Open — unwalled flank
tiesiogsaras's base· Open — unwalled flank
Mr. Keibron's base· Open — unwalled flank
Man Pig Bear's base· Open — unwalled flank
Tuki's base· Open — unwalled flank
Giong's base· Open — 13t gap
Smoothed initial terrain · ◌ = detected wall gap · hover for details
Inputs per minute
— Mr. C - - CARRY_BERRY_JDV <3
Build order — Mr. C
118 actions detected in the replay
| 0:10 | Build | Town Center |
| 2:35 | Build | House |
| 2:41 | Queue | Villager (Male) |
| 2:42 | Queue | Villager (Male) |
| 2:42 | Queue | Villager (Male) |
| 2:42 | Queue | Villager (Male) |
| 3:40 | Queue | Villager (Male) |
| 3:56 | Queue | Villager (Male) |
| 4:22 | Queue | Villager (Male) |
| 4:29 | Build | Settlement |
| 4:41 | Build | Settlement |
| 4:43 | Queue | Villager (Male) |
| 5:03 | Queue | Villager (Male) |
| 5:30 | Queue | Villager (Male) |
| 6:22 | Queue | Villager (Male) |
| 6:23 | Queue | Villager (Male) |
| 6:23 | Queue | Villager (Male) |
| 6:44 | Build | Settlement |
| 6:50 | Queue | Villager (Male) |
| 6:50 | Queue | Villager (Male) |
| 6:55 | Build | House |
| 6:56 | Build | House |
| 7:21 | Queue | Villager (Male) |
| 7:21 | Queue | Villager (Male) |
| 8:26 | Queue | Villager (Male) |
| 8:34 | Build | Settlement |
| 8:58 | Queue | Villager (Male) |
| 9:27 | Queue | Villager (Male) |
| 9:41 | Build | Barracks |
| 9:49 | Research | Loom |
| 10:46 | Queue | Villager (Male) |
| 10:48 | Queue | Unit 2550 |
| 10:48 | Queue | Unit 2550 |
| 11:06 | Queue | Villager (Male) |
| 11:44 | Queue | Villager (Male) |
| 11:55 | Build | Settlement |
| 12:32 | Queue | Villager (Male) |
| 12:33 | Build | Outpost |
| 12:48 | Queue | Villager (Male) |
| 13:05 | Build | Outpost |
| 13:06 | Queue | Villager (Male) |
| 13:06 | Queue | Villager (Male) |
| 13:25 | Build | Palisade Wall |
| 13:31 | Queue | Villager (Male) |
| 13:44 | Research | Feudal Age |
| 13:55 | Build | Palisade Wall |
| 13:57 | Build | Palisade Wall |
| 13:59 | Build | Palisade Wall |
| 14:01 | Build | Palisade Wall |
| 14:02 | Build | Palisade Wall |
| 14:26 | Build | Palisade Wall |
| 14:37 | Build | Palisade Wall |
| 14:47 | Build | Palisade Wall |
| 14:52 | Queue | Villager (Male) |
| 14:52 | Queue | Villager (Male) |
| 15:18 | Build | Palisade Wall |
| 15:21 | Build | Palisade Wall |
| 15:24 | Build | Palisade Wall |
| 15:27 | Build | Palisade Wall |
| 15:45 | Queue | Villager (Male) |
| 15:46 | Queue | Villager (Male) |
| 15:54 | Age | Feudal Age |
| 15:56 | Build | Archery Range |
| 16:02 | Queue | Villager (Male) |
| 16:02 | Queue | Villager (Male) |
| 16:11 | Queue | Archer |
| 16:12 | Queue | Archer |
| 16:23 | Build | Blacksmith |
| 16:25 | Queue | Archer |
| 16:25 | Queue | Archer |
| 16:47 | Build | Settlement |
| 17:15 | Queue | Villager (Male) |
| 17:18 | Queue | Archer |
| 17:18 | Queue | Archer |
| 17:26 | Queue | Archer |
| 17:32 | Build | Palisade Wall |
| 17:41 | Build | House |
| 17:43 | Build | Palisade Wall |
| 17:46 | Build | House |
| 17:57 | Build | House |
| 18:00 | Build | House |
| 18:14 | Queue | Spearman |
| 18:46 | Build | Watch Tower |
| 18:54 | Queue | Archer |
| 18:54 | Queue | Archer |
| 19:02 | Build | House |
| 19:24 | Build | House |
| 19:27 | Build | House |
| 20:15 | Queue | Villager (Male) |
| 20:42 | Build | Palisade Wall |
| 20:45 | Build | Palisade Wall |
| 20:47 | Build | Palisade Wall |
| 21:34 | Queue | Spearman |
| 21:58 | Build | Watch Tower |
| 22:57 | Build | Watch Tower |
| 25:55 | Queue | Villager (Male) |
| 25:59 | Queue | Archer |
| 26:00 | Queue | Archer |
| 26:00 | Queue | Archer |
| 26:48 | Queue | Villager (Male) |
| 26:48 | Queue | Villager (Male) |
| 26:56 | Build | Settlement |
| 26:57 | Queue | Villager (Male) |
| 27:13 | Queue | Villager (Male) |
| 28:08 | Queue | Archer |
| 28:08 | Queue | Archer |
| 28:18 | Queue | Villager (Male) |
| 28:54 | Build | Market |
| 28:58 | Queue | Villager (Male) |
| 28:58 | Queue | Villager (Male) |
| 28:59 | Queue | Villager (Male) |
| 29:13 | Queue | Villager (Male) |
| 29:18 | Build | House |
| 29:36 | Queue | Villager (Male) |
| 29:36 | Queue | Villager (Male) |
| 30:34 | Build | Town Center |
| 31:29 | Queue | Villager (Male) |
| 31:29 | Queue | Villager (Male) |
Build order — CARRY_BERRY_JDV <3
140 actions detected in the replay
| 1:10 | Build | Town Center |
| 2:50 | Build | House |
| 3:10 | Queue | Villager (Male) |
| 3:11 | Queue | Villager (Male) |
| 3:11 | Queue | Villager (Male) |
| 3:11 | Queue | Villager (Male) |
| 3:50 | Build | House |
| 4:01 | Queue | Villager (Male) |
| 4:01 | Queue | Villager (Male) |
| 5:10 | Queue | Villager (Male) |
| 5:20 | Queue | Villager (Male) |
| 5:46 | Queue | Villager (Male) |
| 5:47 | Queue | Villager (Male) |
| 6:03 | Queue | Villager (Male) |
| 6:25 | Queue | Villager (Male) |
| 6:26 | Queue | Villager (Male) |
| 6:45 | Queue | Villager (Male) |
| 7:06 | Build | House |
| 7:21 | Queue | Villager (Male) |
| 7:22 | Queue | Villager (Male) |
| 7:26 | Build | Lumber Camp |
| 7:30 | Queue | Villager (Male) |
| 7:33 | Queue | Villager (Male) |
| 8:37 | Queue | Villager (Male) |
| 8:40 | Build | House |
| 8:51 | Build | House |
| 9:00 | Build | House |
| 9:05 | Queue | Villager (Male) |
| 9:38 | Queue | Villager (Male) |
| 9:47 | Queue | Villager (Male) |
| 10:02 | Build | Mill |
| 10:12 | Build | House |
| 10:15 | Research | Loom |
| 10:26 | Queue | Villager (Male) |
| 10:41 | Queue | Villager (Male) |
| 11:04 | Queue | Villager (Male) |
| 11:44 | Queue | Villager (Male) |
| 11:50 | Build | House |
| 12:21 | Queue | Villager (Male) |
| 12:23 | Research | Feudal Age |
| 13:00 | Build | Mining Camp |
| 13:37 | Build | Palisade Wall |
| 13:46 | Build | Palisade Wall |
| 14:05 | Build | Palisade Gate |
| 14:19 | Build | Palisade Wall |
| 14:24 | Build | Palisade Wall |
| 14:29 | Queue | Villager (Male) |
| 14:30 | Queue | Villager (Male) |
| 14:56 | Age | Feudal Age |
| 15:02 | Build | Market |
| 15:28 | Build | Blacksmith |
| 15:55 | Research | Castle Age |
| 16:12 | Build | Mining Camp |
| 16:17 | Research | Double-Bit Axe |
| 16:27 | Build | House |
| 16:48 | Research | Stone Mining |
| 17:15 | Research | Gold Mining |
| 18:35 | Age | Castle Age |
| 18:44 | Build | Castle |
| 18:46 | Research | Town Watch |
| 18:53 | Research | Bow Saw |
| 18:57 | Queue | Villager (Male) |
| 19:08 | Research | Horse Collar |
| 19:23 | Queue | Villager (Male) |
| 19:35 | Build | Mill |
| 19:39 | Build | Mill |
| 19:45 | Queue | Conquistador |
| 20:12 | Queue | Conquistador |
| 20:13 | Queue | Villager (Male) |
| 20:33 | Queue | Conquistador |
| 20:45 | Queue | Villager (Male) |
| 20:57 | Build | Barracks |
| 21:00 | Queue | Conquistador |
| 21:08 | Build | Mill |
| 21:11 | Queue | Villager (Male) |
| 21:33 | Queue | Conquistador |
| 21:50 | Build | Stable |
| 21:51 | Queue | Villager (Male) |
| 21:55 | Research | Heavy Plow |
| 22:15 | Research | Padded Archer Armor |
| 22:26 | Queue | Villager (Male) |
| 22:40 | Build | Town Center |
| 22:46 | Queue | Villager (Male) |
| 22:52 | Queue | Conquistador |
| 23:06 | Queue | Villager (Male) |
| 23:41 | Research | Bloodlines |
| 23:48 | Build | Monastery |
| 23:49 | Queue | Conquistador |
| 23:54 | Queue | Villager (Male) |
| 23:54 | Queue | Villager (Male) |
| 24:13 | Queue | Conquistador |
| 24:31 | Queue | Villager (Male) |
| 24:42 | Queue | Monk |
| 24:46 | Queue | Conquistador |
| 25:10 | Queue | Villager (Male) |
| 25:20 | Build | Mining Camp |
| 25:26 | Queue | Conquistador |
| 25:28 | Queue | Villager (Male) |
| 25:28 | Queue | Villager (Male) |
| 25:28 | Queue | Villager (Male) |
| 25:45 | Research | Leather Archer Armor |
| 26:23 | Queue | Villager (Male) |
| 26:26 | Build | Farm |
| 26:31 | Queue | Villager (Male) |
| 26:32 | Queue | Villager (Male) |
| 26:38 | Queue | Conquistador |
| 26:39 | Queue | Conquistador |
| 27:19 | Build | Castle |
| 27:33 | Queue | Conquistador |
| 28:03 | Queue | Villager (Male) |
| 28:05 | Research | Wheelbarrow |
| 28:14 | Research | Fletching |
| 28:54 | Research | Stone Shaft Mining |
| 29:01 | Build | Siege Workshop |
| 29:03 | Queue | Villager (Male) |
| 29:04 | Build | Farm |
| 29:06 | Research | Bodkin Arrow |
| 29:07 | Queue | Villager (Male) |
| 29:19 | Build | Farm |
| 29:28 | Queue | Battering Ram |
| 29:34 | Build | Mining Camp |
| 29:42 | Queue | Battering Ram |
| 29:51 | Queue | Villager (Male) |
| 30:03 | Build | Mill |
| 30:04 | Queue | Villager (Male) |
| 30:29 | Queue | Battering Ram |
| 30:30 | Queue | Villager (Male) |
| 30:31 | Queue | Villager (Male) |
| 30:38 | Build | Mining Camp |
| 30:45 | Build | Farm |
| 30:55 | Queue | Villager (Male) |
| 30:55 | Queue | Villager (Male) |
| 30:58 | Build | Lumber Camp |
| 30:59 | Queue | Villager (Male) |
| 31:39 | Build | Castle |
| 31:44 | Queue | Conquistador |
| 31:45 | Queue | Conquistador |
| 31:56 | Research | Hand Cart |
| 31:59 | Queue | Villager (Male) |
| 32:00 | Queue | Villager (Male) |
Build order — Mr. Fay
101 actions detected in the replay
| 0:08 | Build | Town Center |
| 2:23 | Build | House |
| 2:25 | Build | House |
| 2:29 | Queue | Villager (Male) |
| 2:29 | Queue | Villager (Male) |
| 2:29 | Queue | Villager (Male) |
| 2:30 | Queue | Villager (Male) |
| 3:47 | Queue | Villager (Male) |
| 4:08 | Queue | Villager (Male) |
| 4:28 | Queue | Villager (Male) |
| 5:07 | Queue | Villager (Male) |
| 5:36 | Queue | Villager (Male) |
| 6:29 | Queue | Villager (Male) |
| 6:29 | Queue | Villager (Male) |
| 6:37 | Build | Lumber Camp |
| 7:08 | Research | Loom |
| 7:11 | Queue | Villager (Male) |
| 7:13 | Build | House |
| 7:57 | Queue | Villager (Male) |
| 7:57 | Queue | Villager (Male) |
| 8:29 | Queue | Villager (Male) |
| 8:36 | Build | House |
| 9:16 | Queue | Villager (Male) |
| 9:33 | Build | Mill |
| 9:43 | Queue | Villager (Male) |
| 9:43 | Queue | Villager (Male) |
| 10:12 | Research | Feudal Age |
| 10:43 | Build | House |
| 11:31 | Build | Mining Camp |
| 12:11 | Queue | Villager (Male) |
| 12:11 | Queue | Villager (Male) |
| 12:11 | Queue | Villager (Male) |
| 12:49 | Age | Feudal Age |
| 12:52 | Build | Market |
| 12:55 | Build | Blacksmith |
| 14:08 | Queue | Villager (Male) |
| 14:22 | Build | Mining Camp |
| 14:44 | Research | Castle Age |
| 14:44 | Research | Castle Age |
| 16:42 | Research | Double-Bit Axe |
| 17:24 | Age | Castle Age |
| 17:29 | Build | Castle |
| 17:40 | Queue | Villager (Male) |
| 17:40 | Queue | Villager (Male) |
| 17:59 | Build | Town Center |
| 18:46 | Queue | Mameluke |
| 18:58 | Queue | Mameluke |
| 19:17 | Build | Barracks |
| 19:20 | Research | Town Watch |
| 19:21 | Queue | Villager (Male) |
| 19:58 | Queue | Villager (Male) |
| 19:58 | Queue | Villager (Male) |
| 20:03 | Build | Farm |
| 20:03 | Build | Farm |
| 20:03 | Build | Farm |
| 20:04 | Build | Farm |
| 20:04 | Build | Farm |
| 20:14 | Queue | Villager (Male) |
| 20:17 | Queue | Mameluke |
| 21:16 | Queue | Villager (Male) |
| 21:16 | Queue | Villager (Male) |
| 21:20 | Build | Farm |
| 21:21 | Build | Farm |
| 21:26 | Queue | Villager (Male) |
| 22:06 | Queue | Mameluke |
| 22:15 | Queue | Villager (Male) |
| 22:15 | Queue | Villager (Male) |
| 22:20 | Build | Farm |
| 22:22 | Build | Farm |
| 22:23 | Queue | Villager (Male) |
| 22:24 | Queue | Villager (Male) |
| 22:24 | Queue | Villager (Male) |
| 22:27 | Queue | Mameluke |
| 23:48 | Queue | Villager (Male) |
| 23:49 | Queue | Villager (Male) |
| 23:49 | Queue | Villager (Male) |
| 23:55 | Build | Monastery |
| 23:57 | Build | Stable |
| 23:59 | Queue | Villager (Male) |
| 23:59 | Queue | Villager (Male) |
| 23:59 | Queue | Villager (Male) |
| 24:13 | Build | Farm |
| 24:16 | Queue | Villager (Male) |
| 24:33 | Queue | Mameluke |
| 24:54 | Build | Castle |
| 25:00 | Queue | Villager (Male) |
| 25:13 | Queue | Monk |
| 26:16 | Queue | Mameluke |
| 26:16 | Queue | Mameluke |
| 26:17 | Queue | Mameluke |
| 28:03 | Research | Wheelbarrow |
| 28:42 | Queue | Villager (Male) |
| 28:43 | Queue | Villager (Male) |
| 28:43 | Queue | Villager (Male) |
| 28:55 | Build | Siege Workshop |
| 28:56 | Queue | Villager (Male) |
| 28:57 | Queue | Villager (Male) |
| 28:57 | Queue | Villager (Male) |
| 29:27 | Build | Farm |
| 29:46 | Queue | Mangonel |
| 30:52 | Build | Farm |
Build order — tiesiogsaras
First 150 of 162 actions detected
| 0:04 | Build | Town Center |
| 0:29 | Build | House |
| 1:06 | Build | House |
| 2:30 | Queue | Villager (Male) |
| 2:30 | Queue | Villager (Male) |
| 2:30 | Queue | Villager (Male) |
| 2:31 | Queue | Villager (Male) |
| 3:41 | Research | Loom |
| 3:42 | Queue | Villager (Male) |
| 3:42 | Queue | Villager (Male) |
| 4:22 | Queue | Villager (Male) |
| 4:22 | Queue | Villager (Male) |
| 4:22 | Queue | Villager (Male) |
| 4:33 | Queue | Villager (Male) |
| 4:34 | Queue | Villager (Male) |
| 4:53 | Build | Lumber Camp |
| 5:01 | Build | House |
| 5:15 | Build | House |
| 5:27 | Queue | Villager (Male) |
| 5:27 | Queue | Villager (Male) |
| 5:28 | Queue | Villager (Male) |
| 6:40 | Queue | Villager (Male) |
| 6:40 | Queue | Villager (Male) |
| 6:40 | Queue | Villager (Male) |
| 6:55 | Build | Mill |
| 7:06 | Queue | Villager (Male) |
| 7:07 | Queue | Villager (Male) |
| 7:59 | Build | House |
| 8:01 | Build | House |
| 8:52 | Research | Feudal Age |
| 8:53 | Research | Feudal Age |
| 9:11 | Build | Palisade Wall |
| 9:13 | Build | Palisade Wall |
| 9:28 | Queue | Villager (Male) |
| 9:36 | Build | Palisade Wall |
| 9:37 | Build | Palisade Wall |
| 9:55 | Queue | Villager (Male) |
| 10:01 | Build | Barracks |
| 11:02 | Age | Feudal Age |
| 11:27 | Build | Stable |
| 11:48 | Research | Double-Bit Axe |
| 12:04 | Queue | Villager (Male) |
| 12:04 | Queue | Villager (Male) |
| 12:10 | Queue | Scout Cavalry |
| 12:10 | Queue | Scout Cavalry |
| 12:17 | Build | House |
| 12:55 | Queue | Villager (Male) |
| 13:14 | Queue | Scout Cavalry |
| 13:15 | Queue | Villager (Male) |
| 13:23 | Queue | Villager (Male) |
| 13:56 | Queue | Villager (Male) |
| 14:12 | Queue | Scout Cavalry |
| 14:13 | Queue | Villager (Male) |
| 14:35 | Queue | Scout Cavalry |
| 14:36 | Queue | Villager (Male) |
| 14:52 | Queue | Villager (Male) |
| 15:02 | Queue | Villager (Male) |
| 15:05 | Build | Archery Range |
| 15:08 | Build | House |
| 15:32 | Queue | Villager (Male) |
| 15:42 | Build | Mining Camp |
| 15:46 | Build | Lumber Camp |
| 15:47 | Queue | Villager (Male) |
| 16:04 | Queue | Archer |
| 16:23 | Queue | Villager (Male) |
| 16:30 | Queue | Skirmisher |
| 16:49 | Queue | Archer |
| 16:51 | Queue | Villager (Male) |
| 16:58 | Build | House |
| 17:01 | Research | Wheelbarrow |
| 17:01 | Research | Wheelbarrow |
| 17:30 | Queue | Archer |
| 17:49 | Queue | Villager (Male) |
| 17:50 | Queue | Archer |
| 17:58 | Build | Mill |
| 18:42 | Queue | Villager (Male) |
| 18:46 | Build | House |
| 18:55 | Queue | Villager (Male) |
| 19:30 | Queue | Villager (Male) |
| 19:55 | Queue | Villager (Male) |
| 19:58 | Queue | Villager (Male) |
| 20:01 | Build | Blacksmith |
| 20:31 | Queue | Villager (Male) |
| 20:40 | Build | Farm |
| 20:41 | Build | Farm |
| 20:42 | Build | Farm |
| 20:43 | Build | Farm |
| 20:43 | Build | Farm |
| 20:44 | Build | Farm |
| 20:45 | Build | Farm |
| 20:53 | Queue | Villager (Male) |
| 21:26 | Queue | Villager (Male) |
| 21:29 | Queue | Villager (Male) |
| 22:10 | Build | House |
| 22:32 | Research | Castle Age |
| 22:33 | Research | Castle Age |
| 22:56 | Build | Lumber Camp |
| 23:13 | Build | Archery Range |
| 23:15 | Build | Archery Range |
| 23:28 | Build | Archery Range |
| 23:41 | Build | Farm |
| 23:42 | Build | Farm |
| 23:57 | Research | Fletching |
| 24:21 | Build | Palisade Wall |
| 24:22 | Build | Palisade Wall |
| 25:12 | Age | Castle Age |
| 25:14 | Queue | Villager (Male) |
| 25:16 | Queue | Cavalry Archer |
| 25:16 | Queue | Cavalry Archer |
| 25:16 | Queue | Cavalry Archer |
| 25:16 | Queue | Cavalry Archer |
| 25:36 | Build | Castle |
| 25:43 | Queue | Cavalry Archer |
| 25:43 | Queue | Cavalry Archer |
| 25:45 | Research | Bodkin Arrow |
| 26:10 | Queue | Cavalry Archer |
| 26:11 | Queue | Cavalry Archer |
| 26:30 | Queue | Cavalry Archer |
| 26:31 | Queue | Cavalry Archer |
| 26:43 | Queue | Cavalry Archer |
| 26:43 | Queue | Cavalry Archer |
| 26:46 | Queue | Villager (Male) |
| 26:50 | Build | University |
| 27:21 | Queue | Villager (Male) |
| 28:02 | Queue | Villager (Male) |
| 28:06 | Research | Padded Archer Armor |
| 28:12 | Queue | Villager (Male) |
| 28:20 | Build | Mill |
| 28:20 | Build | Farm |
| 28:21 | Build | Farm |
| 28:21 | Build | Farm |
| 28:21 | Build | Farm |
| 28:22 | Build | Farm |
| 28:27 | Build | Farm |
| 28:28 | Build | Farm |
| 28:30 | Build | Farm |
| 28:31 | Build | Farm |
| 28:37 | Queue | Cavalry Archer |
| 28:37 | Queue | Cavalry Archer |
| 28:38 | Queue | Cavalry Archer |
| 28:38 | Queue | Cavalry Archer |
| 28:46 | Queue | Villager (Male) |
| 29:17 | Research | Ballistics |
| 29:20 | Queue | Cavalry Archer |
| 29:20 | Queue | Cavalry Archer |
| 29:22 | Queue | Villager (Male) |
| 29:22 | Queue | Villager (Male) |
| 29:52 | Research | Leather Archer Armor |
| 29:56 | Research | Husbandry |
| 30:21 | Queue | Cavalry Archer |
Build order — Mr. Keibron
113 actions detected in the replay
| 0:40 | Build | Town Center |
| 1:50 | Build | House |
| 1:51 | Build | House |
| 3:11 | Queue | Villager (Male) ×4 |
| 3:11 | Queue | Villager (Male) ×4 |
| 3:32 | Research | Loom |
| 4:34 | Queue | Villager (Male) |
| 4:34 | Queue | Villager (Male) |
| 5:02 | Queue | Villager (Male) |
| 6:06 | Queue | Villager (Male) |
| 6:06 | Queue | Villager (Male) |
| 6:09 | Queue | Villager (Male) |
| 6:10 | Queue | Villager (Male) |
| 6:10 | Queue | Villager (Male) |
| 6:31 | Build | Lumber Camp |
| 6:50 | Queue | Villager (Male) |
| 7:13 | Queue | Villager (Male) |
| 7:14 | Queue | Villager (Male) |
| 7:14 | Queue | Villager (Male) |
| 7:25 | Queue | Villager (Male) |
| 8:04 | Queue | Villager (Male) |
| 8:40 | Build | House |
| 9:00 | Build | Mill |
| 9:38 | Build | House |
| 9:55 | Build | Palisade Wall |
| 9:58 | Build | Palisade Wall |
| 10:01 | Build | Palisade Wall |
| 10:03 | Build | Palisade Wall |
| 10:05 | Build | Palisade Wall |
| 10:08 | Build | Palisade Wall |
| 10:11 | Build | Palisade Wall |
| 10:13 | Build | Palisade Wall |
| 10:15 | Build | Palisade Wall |
| 10:16 | Build | Palisade Wall |
| 10:22 | Build | Palisade Wall |
| 10:23 | Build | Palisade Wall |
| 10:32 | Queue | Villager (Male) |
| 10:32 | Queue | Villager (Male) |
| 11:08 | Build | Mill |
| 11:48 | Build | Palisade Wall |
| 11:49 | Build | Palisade Wall |
| 12:20 | Research | Feudal Age |
| 13:33 | Build | Mining Camp |
| 14:17 | Build | Barracks |
| 14:30 | Age | Feudal Age |
| 14:35 | Queue | Villager (Male) |
| 14:35 | Queue | Villager (Male) |
| 14:52 | Queue | Villager (Male) |
| 15:29 | Build | House |
| 15:32 | Build | House |
| 15:37 | Build | Palisade Wall |
| 16:01 | Research | Double-Bit Axe |
| 16:20 | Build | Gate |
| 16:30 | Queue | Villager (Male) |
| 16:31 | Queue | Villager (Male) |
| 17:24 | Queue | Villager (Male) |
| 17:43 | Queue | Spearman |
| 17:43 | Queue | Spearman |
| 17:46 | Queue | Spearman |
| 18:10 | Queue | Villager (Male) |
| 18:10 | Queue | Villager (Male) |
| 18:54 | Build | Market |
| 20:10 | Build | Blacksmith |
| 20:25 | Build | Stable |
| 20:54 | Research | Castle Age |
| 21:17 | Build | Mill |
| 21:50 | Research | Stone Mining |
| 22:08 | Research | Scale Barding Armor |
| 22:10 | Research | Forging |
| 22:48 | Queue | Villager (Male) |
| 22:48 | Queue | Villager (Male) |
| 22:48 | Queue | Villager (Male) |
| 23:34 | Age | Castle Age |
| 23:35 | Research | Husbandry |
| 23:39 | Queue | Camel Scout |
| 23:40 | Queue | Camel Scout |
| 23:40 | Queue | Camel Scout |
| 23:43 | Build | Siege Workshop |
| 24:01 | Build | Outpost |
| 24:20 | Queue | Villager (Male) |
| 24:20 | Queue | Villager (Male) |
| 24:29 | Build | Outpost |
| 24:53 | Queue | Knight ×2 |
| 24:53 | Queue | Knight ×2 |
| 24:54 | Queue | Knight |
| 24:55 | Queue | Knight |
| 25:00 | Build | Stable |
| 25:14 | Build | Farm |
| 25:14 | Build | Farm |
| 25:34 | Build | Castle |
| 25:50 | Build | Outpost |
| 25:55 | Build | Outpost |
| 26:00 | Build | Outpost |
| 26:06 | Build | Stone Wall |
| 26:10 | Build | Stone Wall |
| 27:27 | Queue | Cataphract |
| 27:28 | Queue | Cataphract ×3 |
| 27:36 | Build | Mining Camp |
| 27:39 | Build | Farm |
| 27:54 | Queue | Villager (Male) |
| 27:54 | Queue | Villager (Male) |
| 28:32 | Build | Archery Range |
| 28:39 | Queue | Cataphract |
| 29:15 | Research | Gold Mining |
| 29:56 | Queue | Villager (Male) |
| 29:56 | Queue | Villager (Male) |
| 29:58 | Queue | Villager (Male) |
| 30:23 | Build | Farm |
| 30:24 | Build | Farm |
| 30:24 | Build | Farm |
| 30:24 | Build | Farm |
| 30:25 | Build | Farm |
| 31:21 | Queue | Cataphract |
Build order — Man Pig Bear
142 actions detected in the replay
| 0:24 | Build | Town Center |
| 2:49 | Build | House |
| 2:58 | Research | Loom |
| 3:53 | Queue | Villager (Male) |
| 4:16 | Build | House |
| 4:24 | Queue | Villager (Male) |
| 4:33 | Build | House |
| 4:41 | Queue | Villager (Male) |
| 4:48 | Build | House |
| 5:00 | Queue | Villager (Male) |
| 5:29 | Queue | Villager (Male) |
| 5:34 | Build | House |
| 5:49 | Queue | Villager (Male) |
| 6:06 | Build | House |
| 6:08 | Build | Lumber Camp |
| 6:10 | Queue | Villager (Male) |
| 6:11 | Queue | Villager (Male) |
| 6:28 | Queue | Villager (Male) |
| 6:42 | Queue | Villager (Male) |
| 7:24 | Queue | Villager (Male) |
| 7:58 | Queue | Villager (Male) |
| 8:12 | Queue | Villager (Male) |
| 8:16 | Queue | Villager (Male) |
| 8:29 | Queue | Villager (Male) |
| 8:58 | Build | Palisade Wall |
| 9:01 | Build | House |
| 9:04 | Build | Palisade Wall |
| 9:12 | Queue | Villager (Male) |
| 9:28 | Queue | Villager (Male) |
| 9:37 | Queue | Villager (Male) |
| 10:00 | Queue | Villager (Male) |
| 10:39 | Queue | Villager (Male) |
| 10:44 | Build | Barracks |
| 10:46 | Build | House |
| 11:30 | Build | Mining Camp |
| 11:35 | Queue | Villager (Male) |
| 11:55 | Research | Feudal Age |
| 12:07 | Build | Palisade Wall |
| 12:11 | Build | Palisade Wall |
| 12:15 | Build | Palisade Wall |
| 12:21 | Build | Palisade Wall |
| 12:28 | Build | House |
| 12:30 | Queue | Militia |
| 12:30 | Queue | Militia |
| 12:37 | Build | House |
| 12:45 | Build | Palisade Wall |
| 13:02 | Queue | Militia |
| 13:15 | Queue | Militia |
| 13:59 | Build | Palisade Wall |
| 14:02 | Build | Palisade Wall |
| 14:05 | Age | Feudal Age |
| 14:06 | Build | Palisade Wall |
| 14:12 | Build | Palisade Wall |
| 14:16 | Research | Man-at-Arms (upgrade) |
| 14:29 | Queue | Villager (Male) |
| 14:33 | Queue | Villager (Male) |
| 14:53 | Queue | Villager (Male) |
| 15:09 | Build | Watch Tower |
| 15:15 | Queue | Villager (Male) |
| 15:24 | Build | Watch Tower |
| 16:04 | Queue | Villager (Male) |
| 16:11 | Build | Mill |
| 16:50 | Build | Farm |
| 16:52 | Build | Farm |
| 16:53 | Build | Farm |
| 16:56 | Build | Farm |
| 16:56 | Queue | Villager (Male) |
| 17:20 | Build | Farm |
| 17:21 | Build | Farm |
| 17:22 | Build | Farm |
| 17:22 | Queue | Villager (Male) |
| 17:53 | Build | Watch Tower |
| 17:57 | Queue | Villager (Male) |
| 18:30 | Build | Watch Tower |
| 18:31 | Queue | Villager (Male) |
| 18:35 | Queue | Villager (Male) |
| 18:44 | Build | Farm |
| 18:45 | Queue | Villager (Male) |
| 18:47 | Build | Farm |
| 18:48 | Queue | Villager (Male) |
| 19:05 | Build | House |
| 19:16 | Build | Farm |
| 19:16 | Queue | Villager (Male) |
| 20:02 | Build | House |
| 20:08 | Build | House |
| 20:15 | Build | Palisade Wall |
| 20:21 | Queue | Militia |
| 20:24 | Queue | Villager (Male) |
| 20:29 | Build | Archery Range |
| 20:32 | Queue | Villager (Male) |
| 21:19 | Queue | Villager (Male) |
| 21:56 | Queue | Villager (Male) |
| 22:40 | Build | Lumber Camp |
| 22:40 | Queue | Villager (Male) |
| 22:46 | Build | Market |
| 22:51 | Build | House |
| 23:02 | Build | Blacksmith |
| 23:10 | Build | Blacksmith |
| 23:14 | Build | Palisade Wall |
| 23:33 | Queue | Villager (Male) |
| 23:39 | Queue | Villager (Male) |
| 23:42 | Research | Castle Age |
| 24:54 | Build | Palisade Gate |
| 25:04 | Research | Double-Bit Axe |
| 25:29 | Build | House |
| 26:54 | Research | Fletching |
| 27:03 | Age | Castle Age |
| 27:31 | Build | Castle |
| 27:38 | Research | Bodkin Arrow |
| 27:47 | Queue | Villager (Male) |
| 28:07 | Research | Bow Saw |
| 28:08 | Queue | Villager (Male) |
| 28:13 | Build | Town Center |
| 28:19 | Build | Town Center |
| 28:20 | Queue | Villager (Male) |
| 28:36 | Queue | Chu Ko Nu |
| 28:48 | Queue | Chu Ko Nu |
| 28:49 | Queue | Chu Ko Nu |
| 29:18 | Build | Siege Workshop |
| 29:53 | Queue | Villager (Male) |
| 29:56 | Research | Horse Collar |
| 30:10 | Queue | Battering Ram |
| 30:12 | Queue | Villager (Male) |
| 30:15 | Build | Farm |
| 30:16 | Build | Farm |
| 30:19 | Build | Farm |
| 30:22 | Build | Farm |
| 30:22 | Build | Farm |
| 30:25 | Build | Farm |
| 30:27 | Build | Farm |
| 30:42 | Queue | Chu Ko Nu |
| 30:53 | Queue | Chu Ko Nu |
| 30:55 | Queue | Chu Ko Nu |
| 31:04 | Queue | Villager (Male) |
| 31:20 | Queue | Battering Ram |
| 31:35 | Build | Farm |
| 31:35 | Queue | Villager (Male) |
| 31:39 | Research | Wheelbarrow |
| 31:41 | Build | Farm |
| 31:44 | Build | Lumber Camp |
| 31:55 | Queue | Villager (Male) |
| 31:56 | Queue | Villager (Male) |
Build order — Tuki
137 actions detected in the replay
| 0:23 | Build | Town Center |
| 0:45 | Build | House |
| 1:19 | Build | House |
| 2:46 | Queue | Villager (Male) |
| 2:46 | Queue | Villager (Male) |
| 2:46 | Queue | Villager (Male) |
| 2:46 | Queue | Villager (Male) |
| 2:47 | Queue | Villager (Male) |
| 4:03 | Queue | Villager (Male) |
| 4:31 | Queue | Villager (Male) |
| 4:54 | Build | House |
| 5:02 | Queue | Villager (Male) |
| 5:02 | Queue | Villager (Male) |
| 5:23 | Queue | Villager (Male) |
| 5:38 | Queue | Villager (Male) |
| 5:39 | Queue | Villager (Male) |
| 5:56 | Build | Lumber Camp |
| 6:20 | Queue | Villager (Male) |
| 6:20 | Queue | Villager (Male) |
| 6:54 | Queue | Villager (Male) |
| 6:58 | Queue | Villager (Male) |
| 7:10 | Build | House |
| 7:44 | Queue | Villager (Male) |
| 8:04 | Build | Mill |
| 8:13 | Research | Loom |
| 8:23 | Queue | Villager (Male) |
| 8:24 | Queue | Villager (Male) |
| 8:45 | Queue | Villager (Male) |
| 8:46 | Queue | Villager (Male) |
| 9:08 | Queue | Villager (Male) |
| 9:08 | Queue | Villager (Male) |
| 9:21 | Build | House |
| 9:25 | Queue | Villager (Male) |
| 9:26 | Queue | Villager (Male) |
| 9:57 | Build | Barracks |
| 10:56 | Build | Barracks |
| 11:10 | Research | Feudal Age |
| 11:10 | Research | Feudal Age |
| 11:54 | Queue | Villager (Male) |
| 11:55 | Queue | Villager (Male) |
| 12:05 | Build | House |
| 12:43 | Build | Outpost |
| 13:20 | Age | Feudal Age |
| 13:23 | Queue | Eagle Scout |
| 13:23 | Queue | Eagle Scout |
| 13:34 | Build | Watch Tower |
| 13:40 | Queue | Eagle Scout |
| 13:40 | Queue | Eagle Scout |
| 13:46 | Queue | Villager (Male) |
| 13:46 | Queue | Villager (Male) |
| 13:52 | Research | Double-Bit Axe |
| 13:53 | Research | Double-Bit Axe |
| 14:18 | Queue | Eagle Scout |
| 14:44 | Build | Blacksmith |
| 14:47 | Queue | Villager (Male) |
| 14:47 | Queue | Villager (Male) |
| 15:36 | Queue | Villager (Male) |
| 15:36 | Queue | Villager (Male) |
| 15:51 | Queue | Villager (Male) |
| 16:16 | Queue | Eagle Scout |
| 16:16 | Queue | Villager (Male) |
| 16:34 | Queue | Eagle Scout |
| 16:34 | Queue | Eagle Scout |
| 17:17 | Build | House |
| 17:24 | Research | Scale Mail Armor |
| 18:04 | Build | House |
| 18:08 | Build | House |
| 18:10 | Build | Palisade Wall |
| 18:13 | Build | Palisade Wall |
| 18:28 | Build | Barracks |
| 18:33 | Research | Town Watch |
| 18:38 | Queue | Villager (Male) |
| 18:42 | Build | Mill |
| 19:28 | Queue | Villager (Male) |
| 19:28 | Queue | Villager (Male) |
| 19:36 | Queue | Eagle Scout |
| 19:36 | Queue | Eagle Scout |
| 19:36 | Queue | Eagle Scout |
| 20:01 | Queue | Eagle Scout |
| 20:01 | Queue | Eagle Scout |
| 20:02 | Queue | Eagle Scout |
| 20:09 | Queue | Eagle Scout |
| 20:13 | Build | House |
| 20:52 | Queue | Eagle Scout |
| 20:52 | Queue | Eagle Scout |
| 20:54 | Queue | Villager (Male) |
| 20:54 | Queue | Villager (Male) |
| 21:11 | Build | House |
| 21:21 | Queue | Eagle Scout |
| 21:22 | Queue | Eagle Scout |
| 21:26 | Build | House |
| 22:19 | Research | Forging |
| 22:48 | Build | Market |
| 22:55 | Queue | Eagle Scout |
| 22:55 | Queue | Eagle Scout |
| 22:56 | Queue | Eagle Scout |
| 22:56 | Queue | Eagle Scout |
| 22:56 | Queue | Eagle Scout |
| 22:56 | Queue | Eagle Scout |
| 23:39 | Research | Castle Age |
| 24:07 | Research | Arson |
| 24:08 | Queue | Eagle Scout |
| 24:08 | Queue | Eagle Scout |
| 24:08 | Queue | Eagle Scout |
| 24:09 | Queue | Eagle Scout |
| 24:15 | Build | House |
| 24:29 | Build | Mill |
| 24:54 | Queue | Eagle Scout |
| 24:54 | Queue | Eagle Scout |
| 24:54 | Queue | Eagle Scout |
| 25:05 | Build | House |
| 25:25 | Queue | Eagle Scout |
| 25:54 | Build | Mill |
| 26:19 | Age | Castle Age |
| 26:55 | Research | Chain Mail Armor |
| 27:50 | Research | Squires |
| 28:07 | Queue | Villager (Male) |
| 28:08 | Queue | Villager (Male) |
| 28:08 | Queue | Villager (Male) |
| 28:09 | Queue | Villager (Male) |
| 28:09 | Queue | Villager (Male) |
| 28:24 | Build | Town Center |
| 29:17 | Queue | Villager (Male) |
| 29:17 | Queue | Villager (Male) |
| 29:20 | Queue | Villager (Male) |
| 29:20 | Queue | Villager (Male) |
| 29:20 | Queue | Villager (Male) |
| 29:20 | Queue | Villager (Male) |
| 30:22 | Research | Eagle Warrior (upgrade) |
| 30:37 | Queue | Villager (Male) |
| 30:38 | Queue | Villager (Male) |
| 31:10 | Queue | Eagle Scout |
| 31:10 | Queue | Eagle Scout |
| 31:10 | Queue | Eagle Scout |
| 31:11 | Queue | Eagle Scout |
| 31:11 | Queue | Eagle Scout |
| 31:46 | Research | Iron Casting |
Build order — Giong
First 150 of 178 actions detected
| 0:27 | Build | Town Center |
| 0:41 | Build | House |
| 0:43 | Build | House |
| 0:45 | Build | Mill |
| 2:33 | Queue | Villager (Male) ×4 |
| 2:34 | Queue | Villager (Male) ×4 |
| 3:21 | Research | Loom |
| 4:05 | Queue | Villager (Male) |
| 4:06 | Queue | Villager (Male) |
| 4:06 | Queue | Villager (Male) |
| 4:47 | Queue | Villager (Male) |
| 4:48 | Queue | Villager (Male) |
| 4:48 | Queue | Villager (Male) |
| 6:29 | Queue | Villager (Male) |
| 6:34 | Queue | Villager (Male) |
| 6:47 | Build | House |
| 7:10 | Queue | Villager (Male) |
| 7:30 | Queue | Villager (Male) |
| 7:30 | Queue | Villager (Male) |
| 8:10 | Queue | Villager (Male) |
| 8:53 | Build | Mining Camp |
| 8:59 | Queue | Villager (Male) |
| 9:18 | Build | Lumber Camp |
| 9:21 | Queue | Villager (Male) |
| 9:59 | Research | Feudal Age |
| 10:07 | Build | House |
| 10:49 | Build | Mining Camp |
| 10:57 | Queue | Villager (Male) |
| 12:14 | Age | Feudal Age |
| 12:28 | Build | Market |
| 12:32 | Queue | Villager (Male) |
| 12:35 | Build | Blacksmith |
| 13:12 | Queue | Villager (Male) |
| 13:51 | Queue | Villager (Male) |
| 13:54 | Queue | Villager (Male) |
| 14:14 | Research | Double-Bit Axe |
| 14:15 | Research | Castle Age |
| 14:25 | Build | House |
| 14:30 | Build | House |
| 14:34 | Build | Stone Wall |
| 16:59 | Age | Castle Age |
| 17:04 | Build | Town Center |
| 17:08 | Queue | Villager (Male) |
| 17:09 | Queue | Villager (Male) |
| 17:31 | Research | Bow Saw |
| 17:35 | Queue | Villager (Male) |
| 17:44 | Build | House |
| 17:47 | Build | Stone Wall |
| 18:05 | Queue | Villager (Male) |
| 18:22 | Research | Horse Collar |
| 18:31 | Queue | Villager (Male) |
| 18:32 | Queue | Villager (Male) |
| 18:50 | Queue | Villager (Male) |
| 18:52 | Queue | Villager (Male) |
| 19:07 | Build | Farm |
| 19:18 | Queue | Villager (Male) |
| 19:20 | Queue | Villager (Male) |
| 19:31 | Build | Siege Workshop |
| 19:36 | Queue | Villager (Male) |
| 19:37 | Queue | Villager (Male) |
| 19:58 | Build | Castle |
| 20:09 | Queue | Villager (Male) |
| 20:09 | Queue | Villager (Male) |
| 20:12 | Build | Farm |
| 20:18 | Build | Farm |
| 20:31 | Queue | Villager (Male) |
| 20:49 | Build | Farm |
| 21:05 | Build | Town Center |
| 21:07 | Queue | Villager (Male) |
| 21:16 | Queue | Battering Ram |
| 21:29 | Build | Farm |
| 21:32 | Build | Farm |
| 21:36 | Build | Farm |
| 21:42 | Queue | Genoese Crossbowman |
| 21:42 | Queue | Genoese Crossbowman |
| 21:58 | Queue | Genoese Crossbowman |
| 22:08 | Queue | Villager (Male) |
| 22:10 | Build | Farm |
| 22:11 | Build | Farm |
| 22:17 | Build | House |
| 22:22 | Queue | Genoese Crossbowman |
| 22:23 | Queue | Villager (Male) |
| 22:31 | Queue | Villager (Male) |
| 22:38 | Build | House |
| 22:41 | Queue | Genoese Crossbowman |
| 22:44 | Queue | Villager (Male) |
| 23:03 | Research | Fletching |
| 23:06 | Queue | Villager (Male) |
| 23:13 | Build | Farm |
| 23:22 | Queue | Villager (Male) |
| 23:26 | Queue | Genoese Crossbowman |
| 23:42 | Queue | Genoese Crossbowman |
| 23:48 | Queue | Genoese Crossbowman |
| 24:04 | Build | Town Center |
| 24:08 | Queue | Genoese Crossbowman |
| 24:13 | Queue | Villager (Male) |
| 24:15 | Queue | Villager (Male) |
| 24:17 | Queue | Villager (Male) |
| 24:41 | Build | University |
| 24:50 | Queue | Battering Ram |
| 24:58 | Queue | Villager (Male) |
| 24:59 | Build | Farm |
| 25:00 | Build | Farm |
| 25:00 | Build | Farm |
| 25:01 | Build | Farm |
| 25:05 | Build | Farm |
| 25:10 | Queue | Genoese Crossbowman |
| 25:11 | Queue | Genoese Crossbowman |
| 25:20 | Research | Padded Archer Armor |
| 26:15 | Queue | Battering Ram |
| 26:33 | Queue | Genoese Crossbowman |
| 26:35 | Queue | Villager (Male) |
| 26:38 | Queue | Genoese Crossbowman |
| 27:02 | Queue | Genoese Crossbowman |
| 27:05 | Queue | Battering Ram |
| 27:06 | Queue | Villager (Male) |
| 27:07 | Queue | Villager (Male) |
| 27:08 | Queue | Villager (Male) |
| 27:08 | Queue | Villager (Male) |
| 27:10 | Build | Mining Camp |
| 27:27 | Queue | Genoese Crossbowman |
| 27:51 | Research | Ballistics |
| 27:59 | Queue | Genoese Crossbowman |
| 28:00 | Queue | Battering Ram |
| 28:04 | Queue | Villager (Male) |
| 28:09 | Build | House |
| 28:09 | Build | House |
| 28:10 | Build | House |
| 28:48 | Queue | Genoese Crossbowman |
| 28:49 | Research | Bodkin Arrow |
| 28:52 | Queue | Villager (Male) |
| 28:52 | Queue | Villager (Male) |
| 28:53 | Research | Gold Mining |
| 28:55 | Queue | Villager (Male) |
| 28:55 | Queue | Villager (Male) |
| 28:56 | Queue | Villager (Male) |
| 28:57 | Queue | Villager (Male) |
| 29:02 | Build | Town Center |
| 29:15 | Queue | Genoese Crossbowman |
| 29:15 | Queue | Genoese Crossbowman |
| 29:45 | Queue | Villager (Male) |
| 29:45 | Queue | Villager (Male) |
| 29:49 | Build | Lumber Camp |
| 29:52 | Build | Farm |
| 29:52 | Build | Farm |
| 29:52 | Build | Farm |
| 29:53 | Build | Farm |
| 30:52 | Queue | Genoese Crossbowman |
| 30:53 | Queue | Genoese Crossbowman |
| 31:13 | Queue | Villager (Male) |
Match timeline
| 8:58 | Man Pig Bear · wall_segment Palisade Wall x1 |
| 9:04 | Man Pig Bear · wall_segment Palisade Wall x1 |
| 9:11 | tiesiogsaras · wall_segment Palisade Wall x1 |
| 9:13 | tiesiogsaras · wall_segment Palisade Wall x1 |
| 9:36 | tiesiogsaras · wall_segment Palisade Wall x1 |
| 9:37 | tiesiogsaras · wall_segment Palisade Wall x1 |
| 9:41 | Mr. C · first_building Barracks |
| 9:55 | Mr. Keibron · wall_segment Palisade Wall x1 |
| 9:57 | Tuki · first_building Barracks |
| 9:58 | Mr. Keibron · wall_segment Palisade Wall x1 |
| 10:01 | tiesiogsaras · first_building Barracks |
| 10:01 | Mr. Keibron · wall_segment Palisade Wall x1 |
| 10:03 | Mr. Keibron · wall_segment Palisade Wall x1 |
| 10:05 | Mr. Keibron · wall_segment Palisade Wall x1 |
| 10:08 | Mr. Keibron · wall_segment Palisade Wall x1 |
| 10:11 | Mr. Keibron · wall_segment Palisade Wall x1 |
| 10:13 | Mr. Keibron · wall_segment Palisade Wall x1 |
| 10:15 | Mr. Keibron · wall_segment Palisade Wall x1 |
| 10:16 | Mr. Keibron · wall_segment Palisade Wall x1 |
| 10:22 | Mr. Keibron · wall_segment Palisade Wall x1 |
| 10:23 | Mr. Keibron · wall_segment Palisade Wall x1 |
| 10:44 | Man Pig Bear · first_building Barracks |
| 11:02 | tiesiogsaras · age_up feudal |
| 11:27 | tiesiogsaras · first_building Stable |
| 11:48 | Mr. Keibron · wall_segment Palisade Wall x1 |
| 11:49 | Mr. Keibron · wall_segment Palisade Wall x1 |
| 12:07 | Man Pig Bear · wall_segment Palisade Wall x1 |
| 12:11 | Man Pig Bear · wall_segment Palisade Wall x1 |
| 12:14 | Giong · age_up feudal |
| 12:15 | Man Pig Bear · wall_segment Palisade Wall x1 |
| 12:21 | Man Pig Bear · wall_segment Palisade Wall x1 |
| 12:45 | Man Pig Bear · wall_segment Palisade Wall x3 |
| 12:49 | Mr. Fay · age_up feudal |
| 13:20 | Tuki · age_up feudal |
| 13:25 | Mr. C · wall_segment Palisade Wall x1 |
| 13:37 | CARRY_BERRY_JDV <3 · wall_segment Palisade Wall x5 |
| 13:46 | CARRY_BERRY_JDV <3 · wall_segment Palisade Wall x1 |
| 13:55 | Mr. C · wall_segment Palisade Wall x1 |
| 13:57 | Mr. C · wall_segment Palisade Wall x1 |
| 13:59 | Mr. C · wall_segment Palisade Wall x2 |
| 13:59 | Man Pig Bear · wall_segment Palisade Wall x1 |
| 14:01 | Mr. C · wall_segment Palisade Wall x1 |
| 14:02 | Man Pig Bear · wall_segment Palisade Wall x1 |
| 14:02 | Mr. C · wall_segment Palisade Wall x1 |
| 14:05 | Man Pig Bear · age_up feudal |
| 14:06 | Man Pig Bear · wall_segment Palisade Wall x1 |
| 14:12 | Man Pig Bear · wall_segment Palisade Wall x1 |
| 14:17 | Mr. Keibron · first_building Barracks |
| 14:19 | CARRY_BERRY_JDV <3 · wall_segment Palisade Wall x3 |
| 14:24 | CARRY_BERRY_JDV <3 · wall_segment Palisade Wall x8 |
| 14:26 | Mr. C · wall_segment Palisade Wall x1 |
| 14:30 | Mr. Keibron · age_up feudal |
| 14:34 | Giong · wall_segment Stone Wall x2 |
| 14:37 | Mr. C · wall_segment Palisade Wall x1 |
| 14:47 | Mr. C · wall_segment Palisade Wall x1 |
| 14:56 | CARRY_BERRY_JDV <3 · age_up feudal |
| 15:05 | tiesiogsaras · first_building Archery Range |
| 15:18 | Mr. C · wall_segment Palisade Wall x1 |
| 15:21 | Mr. C · wall_segment Palisade Wall x1 |
| 15:24 | Mr. C · wall_segment Palisade Wall x1 |
| 15:27 | Mr. C · wall_segment Palisade Wall x1 |
| 15:37 | Mr. Keibron · wall_segment Palisade Wall x7 |
| 15:49 | Mr. Fay · first_market_sell 100 food |
| 15:51 | Mr. Fay · first_market_buy 100 stone |
| 15:54 | Mr. C · age_up feudal |
| 15:56 | Mr. C · first_building Archery Range |
| 16:59 | Giong · age_up castle |
| 17:24 | Mr. Fay · age_up castle |
| 17:29 | Mr. Fay · first_building Castle |
| 17:32 | Mr. C · wall_segment Palisade Wall x1 |
| 17:43 | Mr. C · wall_segment Palisade Wall x1 |
| 17:47 | Giong · wall_segment Stone Wall x1 |
| 18:10 | Tuki · wall_segment Palisade Wall x1 |
| 18:13 | Tuki · wall_segment Palisade Wall x1 |
| 18:35 | CARRY_BERRY_JDV <3 · age_up castle |
| 18:44 | CARRY_BERRY_JDV <3 · first_building Castle |
| 19:17 | Mr. Fay · first_building Barracks |
| 19:31 | Giong · first_building Siege Workshop |
| 19:50 | Giong · first_market_buy 100 stone |
| 19:58 | Giong · first_building Castle |
| 20:05 | Mr. Keibron · first_market_buy 100 wood |
| 20:15 | Man Pig Bear · wall_segment Palisade Wall x1 |
| 20:15 | Mr. Keibron · first_market_sell 100 stone |
| 20:25 | Mr. Keibron · first_building Stable |
| 20:29 | Man Pig Bear · first_building Archery Range |
| 20:42 | Mr. C · wall_segment Palisade Wall x1 |
| 20:45 | Mr. C · wall_segment Palisade Wall x1 |
| 20:47 | Mr. C · wall_segment Palisade Wall x1 |
| 20:57 | CARRY_BERRY_JDV <3 · first_building Barracks |
| 21:50 | CARRY_BERRY_JDV <3 · first_building Stable |
| 23:14 | Man Pig Bear · wall_segment Palisade Wall x1 |
| 23:31 | Tuki · first_market_buy 100 food |
| 23:34 | Mr. Keibron · age_up castle |
| 23:43 | Mr. Keibron · first_building Siege Workshop |
| 23:48 | CARRY_BERRY_JDV <3 · first_building Monastery |
| 23:55 | Mr. Fay · first_building Monastery |
| 23:57 | Mr. Fay · first_building Stable |
| 24:21 | tiesiogsaras · wall_segment Palisade Wall x1 |
| 24:22 | tiesiogsaras · wall_segment Palisade Wall x1 |
| 24:41 | CARRY_BERRY_JDV <3 · first_market_sell 100 wood |
| 25:12 | tiesiogsaras · age_up castle |
| 25:34 | Mr. Keibron · first_building Castle |
| 25:36 | tiesiogsaras · first_building Castle |
| 25:38 | Man Pig Bear · first_market_sell 100 wood |
| 26:06 | Mr. Keibron · wall_segment Stone Wall x1 |
| 26:10 | Mr. Keibron · wall_segment Stone Wall x1 |
| 26:19 | Tuki · age_up castle |
| 27:03 | Man Pig Bear · age_up castle |
| 27:22 | Tuki · first_market_sell 100 wood |
| 27:31 | Man Pig Bear · first_building Castle |
| 28:32 | Mr. Keibron · first_building Archery Range |
| 28:55 | Mr. Fay · first_building Siege Workshop |
| 29:01 | CARRY_BERRY_JDV <3 · first_building Siege Workshop |
| 29:18 | Man Pig Bear · first_building Siege Workshop |
| 31:00 | Mr. Fay · resign |
| 31:26 | tiesiogsaras · wall_segment Stone Wall x1 |
| 31:30 | tiesiogsaras · wall_segment Stone Wall x1 |
[ AI ANALYSIS · 1 CREDIT ]
What really happened in this match?
Wolo.gg analyzes every decision: build order, eco, micro, common mistakes by bracket. Personalized analysis on WhatsApp or Discord in 30 seconds.
Civ guide
Tupi
Perfil
Jugador #3144554